 Seeded DCSS version 0.28-a0-845-gfc338a8e3c (webtiles) character file.

Game seed: 19620306 (custom seed)

24377 dracfodder the Thaumaturge (level 13, 0/74 HPs)
             Began as a Gargoyle Ice Elementalist on Nov 12, 2021.
             Was a Believer of Vehumet.
             Slain by a death yak simulacrum (9 damage)
             ... in an ice cave.
             The game lasted 01:56:05 (18366 turns).

dracfodder the Thaumaturge (GrIE)                  Turns: 18366, Time: 01:56:06

Health: 0/74       AC: 29    Str: 13    XL:     13   Next: 12%
Magic:  30/30      EV: 12    Int: 20    God:    Vehumet [**....]
Gold:   873        SH:  0    Dex: 10    Spells: 17/39 levels left

rFire   x . .      SeeInvis .   a - +3 hand axe (flame)
rCold   + + .      Faith    .   (no shield)
rNeg    + . .      Spirit   .   B - +2 steam dragon scales
rPois   ∞          Reflect  .   (no helmet)
rElec   +          Harm     .   (no cloak)
rCorr   +          Rampage  +   H - +0 pair of gloves
Will    .....                   E - +0 pair of boots "Ruerphaez" {Rampage rC+}
Stlth   ++........              p - amulet of magic regeneration
HPRegen 0.22/turn               j - ring of ice
MPRegen 0.47/turn               w - ring of resist corrosion

@: ice-armoured
A: sickness immunity, AC +9, negative energy resistance 1, electricity
resistance, torment resistance 1, petrification resistance, shaggy fur 1
a: Renounce Religion


You were in an ice cave.
You worshipped Vehumet.
Vehumet was pleased with you.
You visited 3 branches of the dungeon, and saw 15 of its levels.
You also visited: Sewer and Ice Cave.

You collected 873 gold pieces.

Inventory:

Hand Weapons
 a - a +3 hand axe of flaming (weapon)
 b - the +7 hunting sling "Ogreslayer" {vorpal, Str+4 Int+8 Stlth+}
   (You acquired it on level 6 of the Dungeon)

   Any ammunition fired from it inflicts extra damage upon your enemies.
   Str:       It affects your strength (+4).
   Int:       It affects your intelligence (+8).
   Stlth:     It makes you more stealthy.
Missiles
 c - 267 arrows
 d - 323 stones
 g - 52 poisoned darts
 i - 5 javelins
 k - 154 sling bullets
 m - 9 atropa-tipped darts
 o - 2 curare-tipped darts
 q - 6 boomerangs
 r - 48 bolts
Armour
 h - a +1 robe
 B - +2 steam dragon scales (worn)
 E - the +0 pair of boots "Ruerphaez" (worn) {Rampage rC+}
   (You found it on level 10 of the Dungeon)

   rC:        It protects you from cold.
   Rampage:   It bestows one free step when moving towards enemies.
 H - a +0 pair of gloves (worn)
Jewellery
 j - a ring of ice (left hand)
 n - a ring of fire
 p - an amulet of magic regeneration (around neck)
 w - a ring of resist corrosion (right hand)
 I - a ring of ice
Wands
 s - a wand of mindburst (5)
 x - a wand of acid (4)
 A - a wand of digging (5)
 C - a wand of iceblast (15)
 D - a wand of polymorph (9)
 L - a wand of flame (23)
Scrolls
 u - a scroll of summoning
 v - 8 scrolls of teleportation
 y - 4 scrolls of identify
 G - a scroll of magic mapping
 K - a scroll of fog
Potions
 e - a potion of might
 l - 3 potions of brilliance
 t - 2 potions of lignification
 z - a potion of flight
 F - a potion of haste
 J - a potion of cancellation {unknown}


   Skills:
 + Level 5.8 Fighting
 + Level 0.1 Axes
 + Level 9.7 Slings
 + Level 3.8 Dodging
 + Level 4.2 Stealth
 + Level 0.3 Unarmed Combat
 * Level 13.5 Spellcasting
 + Level 4.0 Conjurations
 + Level 1.1 Translocations
 + Level 9.5 Ice Magic
 + Level 2.1 Air Magic


You had 17 spell levels left.
You knew the following spells:

 Your Spells              Type           Power      Damage    Failure   Level
a - Freeze                Ice            100%       1d11      1%          1
b - Frozen Ramparts       Ice            100%       1d12      1%          3
c - Ozocubu's Armour      Ice            67%        N/A       1%          3
d - Hailstorm             Conj/Ice       57%        3d12      3%          4
e - Gell's Gravitas       Tloc           18%        N/A       9%          3
f - Shock                 Conj/Air       100%       1d9       1%          1
g - Searing Ray           Conj           58%        2d6       1%          2
h - Teleport Other        Tloc           18%        N/A       9%          3
i - Static Discharge      Conj/Air       25%        N/A       1%          2

Your spell library contained the following spells:

 Spells                   Type           Power      Damage    Failure   Level
 Magic Dart               Conj           100%       1d8       1%          1
 Ensorcelled Hibernation  Hex/Ice        96%        N/A       1%          2
 Animate Skeleton         Necr           26%        N/A       4%          1
 Pain                     Necr           52%        1d6       4%          1
 Blink                    Tloc           36%        N/A       4%          2
 Inner Flame              Hex/Fire       13%        N/A       14%         3
 Vampiric Draining        Necr           13%        2d6       14%         3
 Fulminant Prism          Conj/Hex       10%        3d9       21%         4
 Manifold Assault         Tloc           18%        N/A       63%         5
 Dispersal                Tloc           9%         N/A       99%         6
 Storm Form               Tmut/Air       8%         N/A       100%        7
 Shatter                  Erth           6%         3d9*      100%        9


Dungeon Overview and Level Annotations

Branches:
Dungeon (11/15)            Temple (1/1) D:6            Lair (3/6) D:8
 Spider (0/4) Lair:3        Sewer (visited)           IceCv (1/1)
  Swamp: Lair:2-4    Shoals: Lair:2-4       Orc: D:9-12

Altars:
Ashenzari
Cheibriados
Dithmenos
Elyvilon
Fedhas
Gozag
Hepliaklqana
Kikubaaqudgha
Makhleb
Nemelex Xobeh
Okawaru
Qazlal
Ru
Sif Muna
Trog
Uskayaw
Vehumet
Wu Jian
Xom
Yredelemnul
Zin
The Shining One

Shops:
D:9 :   D:10 [


Innate Abilities, Weirdness & Mutations

You are immune to sickness and miasma.
Your stone body is resilient. (AC +9)
You are immune to poison.
You resist negative energy. (rN+)
You are resistant to electric shocks. (rElec)
You are resistant to unholy torment.
You are immune to petrification.
You are covered in fur. (AC +1)


Message History

Vehumet accepts your kill.
You hit the cane toad simulacrum but do no damage.
The cane toad simulacrum hits you! The cane toad simulacrum freezes you.
You resist.
You hit the death yak simulacrum but do no damage.
You slash the cane toad simulacrum!
You melt the cane toad simulacrum.
The cane toad simulacrum vaporises!
Vehumet accepts your kill.
The death yak simulacrum gores you but does no damage.
Unknown command.
You hit the death yak simulacrum.
You melt the death yak simulacrum.
The death yak simulacrum is lightly damaged.
You hit the two-headed ogre simulacrum.
You melt the two-headed ogre simulacrum.
The death yak simulacrum barely misses you.
The two-headed ogre simulacrum hits you.
The two-headed ogre simulacrum freezes you!
You resist.
* * * LOW HITPOINT WARNING * * *
The two-headed ogre simulacrum barely misses you.
You hit the death yak simulacrum.
You melt the death yak simulacrum.
The death yak simulacrum is lightly damaged.
You hit the two-headed ogre simulacrum.
You melt the two-headed ogre simulacrum.
The death yak simulacrum gores you but does no damage.
Unknown command.
You feel better.
The two-headed ogre simulacrum hits you.
The two-headed ogre simulacrum freezes you.
You resist.
* * * LOW HITPOINT WARNING * * *
The two-headed ogre simulacrum hits you but does no damage.
The death yak simulacrum gores you!
* * * LOW HITPOINT WARNING * * *
The death yak simulacrum freezes you! You resist.
* * * LOW HITPOINT WARNING * * *
You feel much better. The death yak simulacrum gores you!
* * * LOW HITPOINT WARNING * * *
The death yak simulacrum freezes you! You resist.
You die...

#### ##..## ####
##....#####..##
#.......##...@#
#.∩.∩.......#ZZZ.....
#..........###Z......
##....##..## ##.....
##..###### #.... ####
.... ... .#


You could see a death yak simulacrum, an elephant simulacrum, a cane toad
simulacrum and a two-headed ogre simulacrum.

Vanquished Creatures
  A hydra (Lair:1)
  3 catoblepae
  A two-headed ogre (D:8)
  A lindwurm (Lair:1)
  The ghost of pigah the Skirmisher, a novice OpWn (D:5)
  3 centaur zombies
  7 elephants
  6 cane toads
  A black mamba (Lair:2)
  Maggie (Lair:2)
  A gargoyle (D:10)
  4 orange demons (D:10)
  3 komodo dragons
  2 rime drakes
  An efreet (D:10)
  4 red devils (D:10)
  A troll (D:10)
  2 hornets
  5 slime creatures (D:7)
  22 yaks
  6 wyverns
  4 basilisks
  An acid dragon (D:10)
  10 water moccasins
  2 sky beasts
  An orc warrior (D:9)
  A black bear (D:8)
  3 ogres
  3 centaurs
  13 wolves
  A kobold brigand (D:8)
  9 bullfrogs
  A gnoll sergeant (D:8)
  2 cane toad simulacra (IceCv)
  3 scorpions
  An elephant simulacrum (IceCv)
  4 wights (D:10)
  An electric eel (Lair:1)
  A vampire bat (D:3)
  A bullfrog zombie (D:4)
  3 jellies
  4 hounds
  4 orc priests
  A bullfrog skeleton (D:6)
  2 gnoll shamans
  Terence (D:2)
  4 orc wizards
  2 troll simulacra (IceCv)
  3 wolf simulacra (IceCv)
  2 hound zombies (D:5)
  2 howler monkey zombies
  19 gnolls
  19 adders
  3 white imps
  2 ufetubi
  5 worms
  3 dart slugs
  20 orcs
  16 ball pythons
  2 bat skeletons (D:3)
  4 bat zombies (D:3)
  16 endoplasms
  20 giant cockroaches
  12 goblins
  8 hobgoblins
  12 jackals
  7 kobolds
  16 quokkas
  6 bats
  10 frilled lizards
  7 rats
373 creatures vanquished.

Vanquished Creatures (collateral kills)
  A ball python (D:3)
1 creature vanquished.

Vanquished Creatures (others)
  A bush (Lair:2)
  25 fungi
  20 plants
  7 toadstools (Lair:1)
53 creatures vanquished.

Grand Total: 427 creatures vanquished

Notes
Turn   | Place    | Note
-------+----------+-------------------------------------------
     0 | D:1      | dracfodder the Gargoyle Ice Elementalist began the quest
                  | for the Orb.
     0 | D:1      | Reached XP level 1. HP: 10/10 MP: 3/3
   273 | D:1      | Reached XP level 2. HP: 15/15 MP: 1/5
   972 | D:1      | Reached XP level 3. HP: 19/19 MP: 6/6
   977 | D:1      | Learned a level 3 spell: Frozen Ramparts
  1560 | D:2      | Reached XP level 4. HP: 16/24 MP: 2/8
  1685 | D:2      | Found a faded altar of an unknown god.
  1687 | D:2      | Reached skill level 3 in Spellcasting
  1871 | D:2      | Reached skill level 1 in Slings
  2052 | D:2      | Learned a level 3 spell: Ozocubu's Armour
  2076 | D:3      | Reached XP level 5. HP: 25/28 MP: 7/10
  2231 | D:2      | Noticed Terence
  2240 | D:2      | Killed Terence
  2436 | D:2      | Reached skill level 1 in Fighting
  3106 | D:3      | Reached XP level 6. HP: 30/34 MP: 7/11
  3111 | D:3      | Learned a level 4 spell: Hailstorm
  3174 | D:3      | Reached skill level 4 in Spellcasting
  3696 | D:3      | Found an ancient bone altar of Kikubaaqudgha.
  3973 | D:4      | Reached skill level 5 in Ice Magic
  4552 | D:5      | Entered Level 5 of the Dungeon
  4670 | D:4      | Reached XP level 7. HP: 39/39 MP: 8/13
  5017 | D:4      | Learned a level 3 spell: Gell's Gravitas
  5428 | D:5      | Found a runed translucent door.
  5446 | D:5      | Reached skill level 5 in Spellcasting
  5453 | D:6      | Reached XP level 8. HP: 36/44 MP: 15/15
  5548 | D:6      | Found a staircase to the Ecumenical Temple.
  5743 | D:6      | Found a glowing drain.
  5747 | Sewer    | Entered a sewer
  6221 | Sewer    | Reached skill level 5 in Slings
  6691 | D:5      | Got the Handbook of the Dusty Oath
  6843 | D:5      | Reached skill level 6 in Spellcasting
  6890 | D:5      | Found a shimmering blue altar of Sif Muna.
  6939 | D:5      | Got Sif Muna's Almanac of Battle Magic
  7021 | D:5      | Noticed pigah's ghost (novice OpWn)
  7257 | D:6      | Identified a scroll of acquirement
  7257 | D:6      | Acquired the +7 hunting sling "Ogreslayer" {vorpal, Str+4
                  | Int+8 Stlth+}
  7349 | D:6      | Learned a level 1 spell: Shock
  7379 | D:6      | Reached XP level 9. HP: 48/50 MP: 13/18
  7494 | D:6      | Found a radiant altar of Vehumet.
  7630 | D:6      | Reached skill level 7 in Spellcasting
  7746 | Temple   | Entered the Ecumenical Temple
  8001 | D:5      | Killed pigah's ghost
  8002 | D:5      | Reached skill level 1 in Conjurations
  8808 | D:7      | Reached XP level 10. HP: 52/56 MP: 16/21
  8875 | D:7      | Gained mutation: You are covered in fur. (AC +1) [potion of
                  | mutation]
  9042 | D:8      | Noticed a two-headed ogre
  9052 | D:8      | Killed a two-headed ogre
  9053 | D:8      | Reached skill level 8 in Spellcasting
  9291 | D:8      | Found a staircase to the Lair.
  9818 | D:8      | Reached skill level 9 in Spellcasting
 10161 | D:8      | Upgraded the game from 0.28-a0-834-g1a73be5ee4 to
                  | 0.28-a0-845-gfc338a8e3c
 10191 | D:9      | Found Tife's Book Boutique.
 10843 | D:9      | Found a basalt altar of Yredelemnul.
 10846 | D:9      | Noticed a profane servitor
 10851 | D:9      | Found a glowing golden altar of the Shining One.
 10853 | D:9      | Noticed an angel
 10903 | D:9      | Reached XP level 11. HP: 57/62 MP: 21/24
 11055 | D:10     | Entered Level 10 of the Dungeon
 11222 | D:10     | Reached skill level 5 in Fighting
 11233 | D:10     | Identified the +0 pair of boots "Ruerphaez" {Rampage rC+}
 11404 | D:10     | Found Ikoaram's Armour Emporium.
 11435 | D:10     | Reached skill level 10 in Spellcasting
 11516 | D:11     | Noticed a deep elf pyromancer
 11698 | D:10     | Found a burning altar of Makhleb.
 12712 | D:6      | Became a worshipper of Vehumet
 12764 | Lair:1   | Entered Level 1 of the Lair of Beasts
 12952 | Lair:1   | Learned a level 2 spell: Searing Ray
 13016 | Lair:1   | Reached skill level 11 in Spellcasting
 13365 | Lair:1   | Reached skill level 1 in Air Magic
 13410 | Lair:1   | Noticed a four-headed hydra
 13439 | Lair:1   | Killed a four-headed hydra
 13440 | Lair:1   | Reached XP level 12. HP: 30/68 MP: 17/27
 13471 | Lair:1   | Learned a level 3 spell: Teleport Other
 13637 | Lair:1   | Noticed a catoblepas
 13658 | Lair:1   | Found a runed translucent door.
 15253 | Lair:1   | Killed a catoblepas
 15254 | Lair:1   | Reached skill level 12 in Spellcasting
 15901 | Lair:2   | Noticed a catoblepas
 15924 | Lair:2   | Killed a catoblepas
 16252 | Lair:2   | Identified the +6 spear "Saujesod" {freeze, rElec rCorr
                  | Int-4 Dex-3}
 16451 | Lair:2   | Reached * piety under Vehumet
 16451 | Lair:2   | Offered knowledge of Foxfire by Vehumet.
 16586 | Lair:2   | Noticed a catoblepas
 16602 | Lair:2   | Killed a catoblepas
 16854 | Lair:2   | Reached skill level 13 in Spellcasting
 16854 | Lair:2   | Reached skill level 1 in Translocations
 17117 | Lair:2   | Noticed Maggie
 17127 | Lair:2   | Killed Maggie
 17128 | Lair:2   | Reached XP level 13. HP: 19/74 MP: 3/30
 17535 | Lair:2   | Offered knowledge of Static Discharge by Vehumet.
 18056 | Lair:2   | Learned a level 2 spell: Static Discharge
 18114 | Lair:3   | Found a frozen archway.
 18137 | IceCv    | Entered an ice cave
 18350 | IceCv    | Reached ** piety under Vehumet
 18365 | IceCv    | HP: 3/74 [death yak simulacrum (8)]
 18366 | IceCv    | Slain by a death yak simulacrum

Illustrated notes

Levels and vault maps discovered:
D:1:      lightli_arrival_statue_moat, layout_loops_corners, serial_glass,
          glass_columns_a, glass_columns_a
D:2:      cheibrodos_greedy_goblins, layout_loops_ring,
          hellmonk_ecumenical_altar_blasted, uniq_terence
D:3:      layout_rooms, kennysheep_vampire_church, st_stairs_13,
          minmay_misc_feat_room
D:4:      layout_loops_corners, minivault_27, chequers_decorated_corner
D:5:      layout_basic, led_sif_book, ebering_ghost_reflecting_pool
D:6:      layout_rooms, nicolae_vehumet_radiance, minmay_temple_entry_hall,
          gup_sewer_entry_spiral
D:7:      layout_cave_pools, corner_web_ring
D:8:      layout_basic, minmay_lair_entry_grove, minivault_19
D:9:      layout_basic, grunt_temple_overflow_holy_war, serial_shops,
          nicolae_shop_stone
D:10:     layout_basic, lightli_temple_of_fire, serial_shops,
          nicolae_shop_statue_plus, minmay_beelzebubs_servants
D:11:     layout_loops_ring, nrook_uturn
Temple:   eino_temple_rhombus
Lair:1:   gammafunk_lair_enchanted_lake, layout_layer_cave, lemuel_fruit_tree,
          grunt_megastairs_1
Lair:2:   layout_regular_city, uniq_maggie
Lair:3:   layout_small_grid, nicolae_spider_entry_orb_guardian, special_room
          [special_room_bee], portal_ice_cave_entry_pillars_1, pond,
          lemuel_fruit_fields, serial_bayou_shore_a, grunt_megastairs_4,
          serial_bayou_shore_b, infiniplex_staircase_pool_2
IceCv:    ice_cave_small_necro

Skill      XL: |  1  2  3  4  5  6  7  8  9 10 11 12 13 |
---------------+----------------------------------------+-----
Spellcasting   | 3 4 5 6 7 9 11 13 | 13.5
Slings         | 1 2 3 4 5 7 8 9 |  9.7
Fighting       | 1 2 3 4 5 |  5.8
Ice Magic      | 5 6 7 8 9 |  9.5
Dodging        | 2 3 |  3.8
Conjurations   | 1 2 3 4 |  4.0
Stealth        | 3 4 |  4.2
Air Magic      | 1 2 |  2.1
Translocations | 1 |  1.1
Axes           | |  0.1
Unarmed Combat | |  0.3

Action                   |  1- 3 |  4- 6 |  7- 9 | 10-12 | 13-15 || total
-------------------------+-------+-------+-------+-------+-------++-------
Melee: Unarmed           |    25 |       |       |       |       ||    25
       Whip              |       |       |     4 |       |       ||     4
       Hand axe          |       |       |     3 |       |    26 ||    29
 Fire: Hunting sling     |    26 |   226 |   340 |   229 |    25 ||   846
 Cast: Freeze            |    36 |    14 |    39 |    31 |       ||   120
       Frozen Ramparts   |       |    23 |    18 |    48 |     1 ||    90
       Ozocubu's Armour  |       |     5 |     8 |    31 |     2 ||    46
       Hailstorm         |       |     1 |     1 |    14 |       ||    16
       Gell's Gravitas   |       |       |     4 |     3 |       ||     7
       Shock             |       |       |    11 |    79 |       ||    90
       Searing Ray       |       |       |       |    26 |       ||    26
       Teleport Other    |       |       |       |     2 |       ||     2
       Static Discharge  |       |       |       |       |     7 ||     7
Evoke: Wand              |       |       |     2 |     2 |       ||     4
  Use: Scroll            |       |     5 |     2 |    12 |     1 ||    20
       Potion            |       |     2 |     5 |     5 |     3 ||    15
Armor: Robe              |    24 |    55 |    64 |   112 |     6 ||   261
       Steam dragon scal |       |       |       |       |    33 ||    33
Dodge: Dodged            |    43 |    91 |    71 |   109 |    42 ||   356

Table legend: (Time is in decaauts)
 A = Elapsed time spent in this place.
 B = Non-inter-level travel time spent in this place.
 C = Inter-level travel time spent in this place.
 D = Time resting spent in this place.
 E = Time spent auto-exploring this place.
 F = Levels seen in this place.
 G = Mean time per level.
                   A        B        C        D        E       F      G
               +--------+--------+--------+--------+--------+-----+--------+
         Total |  18559 |  17826 |    733 |   5715 |   7582 |  17 | 1091.7 |
       Dungeon |  11976 |  11390 |    586 |   2935 |   5389 |  11 | 1088.7 |
        Temple |    202 |    184 |     18 |      0 |    171 |   1 |  202.0 |
          Lair |   5436 |   5307 |    129 |   2550 |   1849 |   3 | 1812.0 |
         Sewer |    710 |    710 |      0 |     45 |    172 |   1 |  710.0 |
      Ice Cave |    234 |    234 |      0 |    185 |      0 |   1 |  234.0 |
               +--------+--------+--------+--------+--------+-----+--------+

Top non-repeatable levels by time:
  Lair:1: 3137 daAuts
  Lair:2: 2247 daAuts
     D:2: 1586 daAuts
     D:4: 1447 daAuts
    D:10: 1436 daAuts
     D:1: 1414 daAuts
     D:7: 1187 daAuts
     D:3: 1051 daAuts
     D:9: 1047 daAuts
     D:6: 977 daAuts
     D:8: 950 daAuts
     D:5: 873 daAuts
   Sewer: 710 daAuts
   IceCv: 234 daAuts
  Temple: 202 daAuts
